 Dungeon Crawl Stone Soup version 0.23.2-1-ga50397a (webtiles) character file.

Game seed: 13664156420172597020

136 GEC the Magician (level 4, 0/32 HPs)
             Began as a Mummy Conjurer on Apr 23, 2019.
             Slain by Natasha (5 damage)
             ... on level 2 of the Dungeon.
             The game lasted 00:07:24 (2504 turns).

GEC the Magician (Mummy Conjurer)                   Turns: 2504, Time: 00:07:26

Health: 0/32       AC:  2    Str: 11    XL:     4   Next: 98%
Magic:  1/10       EV: 13    Int: 15    God:
Gold:   30         SH:  0    Dex: 12    Spells: 7/11 levels left

rFire    x . .     SeeInvis .   e - +0 spear (flame)
rCold    + . .     Gourm    .   (no shield)
rNeg     + + +     Faith    .   a - +0 robe
rPois    ∞         Spirit   .   (no helmet)
rElec    .         Reflect  .   (no cloak)
rCorr    .         Harm     .   (no gloves)
MR       .....                  (no boots)
Stlth    ++........             (no amulet)
HPRegen  0.10/turn              (no ring)
MPRegen  0.12/turn              (no ring)

@: very slightly contaminated, slowed, very slow
A: no food or potions, fire vulnerability, cold resistance 1, negative energy
resistance 3, torment resistance, unbreathing
a: no special abilities


You were on level 2 of the Dungeon.
You were not hungry.

You visited 1 branch of the dungeon, and saw 2 of its levels.

You collected 30 gold pieces.

Inventory:

Hand Weapons
 e - a +0 spear of flaming (weapon)
Armour
 a - a +0 robe (worn)
Scrolls
 b - a scroll of enchant armour {unknown}
 c - 2 scrolls of amnesia {unknown}
 d - a scroll of teleportation {unknown}
 f - a scroll of blinking {unknown}
 g - a scroll of identify {unknown}
 h - a scroll of noise {unknown}


   Skills:
 + Level 1.3 Fighting
 * Level 2.7 Dodging
 - Level 1.5 Stealth
 * Level 4.1 Spellcasting
 + Level 3.6 Conjurations
 + Level 1.0 Hexes


You had 7 spell levels left.
You knew the following spells:

 Your Spells              Type           Power        Failure   Level  Hunger
a - Magic Dart            Conj           ##..         4%          1    N/A
b - Dazzling Spray        Conj/Hex       ##....       21%         3    N/A

Your spell library contained the following spells:

 Spells                   Type           Power        Failure   Level  Hunger
 Searing Ray              Conj           ##....       6%          2    N/A
 Iskenderun's Mystic Bla  Conj           ##......     36%         4    N/A
 Fulminant Prism          Conj/Hex       ##........   56%         4    N/A
 Force Lance              Conj/Tloc      #.......     63%         4    N/A

Dungeon Overview and Level Annotations

Branches:
Dungeon (2/15)

Altars:

Annotations:
D:2 Natasha


Innate Abilities, Weirdness & Mutations

You do not eat or drink.
Your flesh is vulnerable to fire.
You are immune to poison.
Your flesh is cold resistant. (rC+)
You are immune to negative energy. (rN+++)
You are immune to unholy pain and torment.
You can survive without breathing.


Message History

The frilled lizard hisses angrily.
Natasha stares at you and mumbles some strange words.
You feel yourself slow down.
Evoke which item? (* to show all) (? for menu, Esc to quit)
Okay, then.
Casting: Dazzling Spray (safe; 21% risk of failure)
Confirm with . or Enter, or press ? or * to list all spells.
Aiming: Magic Dart (safe; 4% risk of failure)
Press: ? - help, Shift-Dir - straight line, f/p - Natasha
Aim: Natasha (severely wounded)
The magic dart hits Natasha but does no damage.
Natasha is severely wounded.
The iron imp barely misses you.
You closely miss Natasha.
Natasha is severely wounded.
Natasha howls an incantation.
You feel disoriented.
Natasha casts a spell.
The crimson imp blinks!
Natasha claws you.
You die...

......!..#.#†.....#....
........#†#........#..
#
#...#....†......#####.
#.#.. #.?......#### ##
#....##..#...#.# #
#.....#.#...#.#
#..##.#§....... ...
#5#h#....... .
#.@..).##..#.
#l5......#..#.
#......#.#..#
.......#.. ##....(.#
#........ ..........
#.........


You could see an iron imp, Natasha, a white imp and a frilled lizard.

Vanquished Creatures
  Jessica (D:2)
  Natasha (twice) (D:2)
  2 worms (D:2)
  2 leopard geckos (D:1)
  3 giant cockroaches (D:1)
  5 goblins
  6 hobgoblins
  7 jackals
  8 kobolds
  5 bats
  2 frilled lizards
  6 rats (D:1)
49 creatures vanquished.

Notes
Turn   | Place    | Note
-------+----------+-------------------------------------------
     0 | D:1      | GEC the Mummy Conjurer began the quest for the Orb.
     0 | D:1      | Reached XP level 1. HP: 13/13 MP: 4/4
   196 | D:1      | Reached skill level 3 in Spellcasting
   326 | D:1      | Reached XP level 2. HP: 19/19 MP: 3/6
  1149 | D:1      | Reached XP level 3. HP: 24/25 MP: 4/7
  1465 | D:1      | Learned a level 3 spell: Dazzling Spray
  1466 | D:2      | Noticed Jessica
  1545 | D:2      | Killed Jessica
  1738 | D:1      | Reached XP level 4. HP: 10/31 MP: 0/9
  2086 | D:2      | Reached skill level 1 in Fighting
  2087 | D:2      | Noticed Natasha
  2094 | D:2      | Killed Natasha
  2115 | D:2      | Reached skill level 4 in Spellcasting
  2343 | D:2      | Noticed Natasha
  2350 | D:2      | Killed Natasha
  2386 | D:2      | Reached skill level 1 in Hexes
  2483 | D:2      | Noticed Natasha
  2504 | D:2      | Slain by Natasha

Skill      XL: |  1  2  3  4 |
---------------+-------------+-----
Spellcasting   | 3 4 |  4.1
Dodging        | 2 |  2.7
Fighting       | 1 |  1.3
Hexes          | 1 |  1.0
Stealth        | |  1.5
Conjurations   | |  3.6

Action                   |  1- 3 |  4- 6 || total
-------------------------+-------+-------++-------
Melee: Unarmed           |    37 |       ||    37
       Spear             |    17 |    19 ||    36
 Cast: Magic Dart        |    74 |    35 ||   109
       Dazzling Spray    |       |     4 ||     4
Armor: Robe              |    15 |     1 ||    16
Dodge: Dodged            |    67 |     5 ||    72
